 Dungeon Crawl Stone Soup version 0.19-a0-4-ga5c5ac4 (webtiles) character file.

37 Mefis the Magician (level 3, 0/19 HPs)
             Began as a Deep Elf Wizard on Apr 28, 2016.
             Succumbed to an adder's poison
             ... on level 2 of the Dungeon.
             The game lasted 00:04:24 (1085 turns).

Mefis the Magician (Deep Elf Wizard)                Turns: 1085, Time: 00:04:25

Health: 0/19       AC:  2    Str:  4    XL:     3   Next: 23%
Magic:  1/12       EV: 13    Int: 23    God:
Gold:   69         SH:  0    Dex: 13    Spells: 5 memorised, 3 levels left

rFire  . . .     SeeInvis .     i - -3 dagger (curse)
rCold  . . .     Gourm    .     a - +0 robe
rNeg   . . .     Faith    .     (no shield)
rPois  .         Spirit   .     b - +0 hat
rElec  .         Dismiss  .     (no cloak)
rCorr  .         Reflect  .     (no gloves)
SustAt .         Harm     .     (no boots)
MR     .....                    (no amulet)
Stlth  ++........               (no ring)
                                (no ring)

@: lethally poisoned (0 -> -10), very slightly contaminated, not resistant to
hostile enchantments, unstealthy
A: no striking features
a: no special abilities


You were on level 2 of the Dungeon.
You were not hungry.

You visited 1 branch of the dungeon, and saw 2 of its levels.

You collected 69 gold pieces.

Inventory:

Hand Weapons
 i - a cursed -3 dagger (weapon)
 k - a +2 antimagic dagger
Armour
 a - a +0 robe (worn)
 b - a +0 hat (worn)
Scrolls
 e - a scroll of enchant armour {unknown}
 j - a scroll of blinking {unknown}
 l - a scroll of immolation {unknown}
Potions
 f - 2 potions of might {unknown}
 g - a potion of degeneration {unknown}
 h - a potion of brilliance {unknown}
Books
 c - a book of Minor Magic

   Spells                             Type                      Level
   a - Magic Dart                     Conjuration                  1
   b - Blink                          Translocation                2
   c - Call Imp                       Summoning                    2
   d - Repel Missiles                 Charms/Air                   2
   e - Slow                           Hexes                        2
   f - Conjure Flame                  Conjuration/Fire             3
   g - Mephitic Cloud                 Conjuration/Poison/Air       3
Comestibles
 d - a bread ration


   Skills:
 + Level 2.8 Dodging
 + Level 2.8 Stealth
 + Level 5.5 Spellcasting
 + Level 1.3 Conjurations
 - Level 1.1 Summonings
 - Level 1.1 Translocations


You had 3 spell levels left.
You knew the following spells:

 Your Spells              Type           Power        Failure   Level  Hunger
a - Magic Dart            Conj           ##..         6%          1    None
b - Call Imp              Summ           ##......     12%         2    None
c - Blink                 Tloc           N/A          12%         2    None
d - Repel Missiles        Chrm/Air       #.....       17%         2    None
e - Mephitic Cloud        Conj/Pois/Air  #.......     24%         3    ##.....


Dungeon Overview and Level Annotations

Branches:
Dungeon (2/15)

Altars:


Message History

You swap places.
The adder completely misses your crimson imp.
Your crimson imp hits the adder.
The adder dies!
The goblin shoots a stone.
The stone hits your crimson imp.
You feel sick.
The adder barely misses your crimson imp.
Your crimson imp blinks!
Casting: Call Imp
Confirm with . or Enter, or press ? or * to list all spells.
You miscast Call Imp.
Your brain hurts!
* * * LOW HITPOINT WARNING * * *
You feel sick. The adder bites you.
* * * LOW HITPOINT WARNING * * *
You are more poisoned.
The adder poisons you!
* * * LOW HITPOINT WARNING * * *
You feel sick.
You die...

#.<...##### ####..........
#...##'###### ########.#.##.#
.......#.#.##.# .......#(#.##.#
#### .......#.#...)# .....
.......#.###..############......
.......#.###.>†.@.S.l.g.5†..%...
....†..#...#.##'##########......
......)'<#†#.....# ?....
.......###.###†..# ####
####.......# #...# ##...####
##### #...# #####


You could see an adder, a goblin and a giant newt.

Vanquished Creatures
  2 dart slugs
  6 bats
  A giant cockroach (D:1)
  3 goblins
  2 hobgoblins
  2 kobolds
  A giant newt (D:2)
  8 rats
25 creatures vanquished.

Vanquished Creatures (collateral kills)
  An adder (D:2)
1 creature vanquished.

Grand Total: 26 creatures vanquished

Notes
Turn   | Place    | Note
--------------------------------------------------------------
     0 | D:1      | Mefis the Deep Elf Wizard began the quest for the Orb.
     0 | D:1      | Reached XP level 1. HP: 10/10 MP: 7/7
   178 | D:1      | Reached skill level 5 in Spellcasting
   219 | D:1      | Reached XP level 2. HP: 15/15 MP: 3/10
   223 | D:1      | Learned a level 2 spell: Call Imp
   226 | D:1      | Learned a level 2 spell: Blink
   229 | D:1      | Learned a level 2 spell: Repel Missiles
   975 | D:2      | Reached XP level 3. HP: 19/19 MP: 7/11
   980 | D:2      | Learned a level 3 spell: Mephitic Cloud
  1085 | D:2      | Succumbed to an adder's poison

Vault maps used:
D:1:      lemuel_arrival_tunnels

Skill      XL: |  1 |
---------------+----+-----
Spellcasting   | 5 |  5.5
Dodging        | |  2.8
Stealth        | |  2.8
Conjurations   | |  1.3
Summonings     | |  1.1
Translocations | |  1.1

Action                   || total
-------------------------++-------
 Cast: Magic Dart        ||    55
       Repel Missiles    ||     1
       Call Imp          ||     1
Armor: Robe              ||     2
Dodge: Dodged            ||     9
       Deflected         ||     2
